Map: Traitor's Exile

Players

shadowking

  • Race: Zerg Zerg
  • Spawn Location: 5:00

orinous

  • Race: Zerg Zerg
  • Spawn Location: 6:00

ILIEKEGGPIE

  • Race: Protoss Protoss
  • League: Platinum
  • Spawn Location: 12:00

Пахан

  • Race: Zerg Zerg
  • Spawn Location: 9:00

VOD

Have the link to the VOD?

Description

Time

  • Played on: April 27, 2018, 12:18 p.m.
  • Length: 4:16
Show
View Real Time Build Order
Export as new Build Order

shadowking Zerg 

Build Orders: Hatch First 

Get SALT Encoding   

  12  0:01  Drone  
  13  0:14  Overlord  
  13  0:18  Drone  
  14  0:32  Drone  
  14  0:33  Drone  
  16  0:37  Drone  
  17  0:59  Hatchery  
  16  1:13  Drone, Extractor  
  16  1:17  Spawning Pool  
  15  1:18  Drone  
  15  1:24  Drone  
  17  1:28  Drone  
  18  1:34  Drone  
  19  1:50  Drone  
  19  1:52  Evolution Chamber  
  19  1:58  Drone  
  20  2:04  Queen  
  20  2:07  Overlord  
  22  2:26  Drone x2, Queen  
  26  2:33  Extractor  
  26  2:34  Drone  
  26  2:38  Drone  
  26  2:39  Zergling x2  
  28  2:45  Drone  
  28  2:50  Zergling x4  
  31  3:07  Queen  
  31  3:09  Overlord  
  33  3:13  Zergling x4  
  33  3:14  Zergling x2  
  36  3:20  Overlord  
  36  3:42  Zergling x10  
Show
View Real Time Build Order
Export as new Build Order

orinous Zerg 

Build Orders: Hatch First 

Get SALT Encoding   

  12  0:01  Drone  
  13  0:12  Overlord  
  13  0:19  Drone  
  14  0:36  Drone  
  15  0:53  Hatchery  
  14  0:59  Drone  
  15  1:05  Drone  
  16  1:14  Spawning Pool  
  16  1:15  Drone  
  16  1:20  Drone, Extractor  
  17  1:32  Drone  
  17  1:33  Drone  
  18  1:44  Drone  
  19  1:55  Drone  
  19  2:00  Queen  
  22  2:05  Zergling x2  
  22  2:08  Overlord  
  23  2:14  Queen  
  25  2:29  Drone  
  26  2:30  Drone  
  26  2:31  Zergling x2  
  26  2:32  Zergling x2  
  29  2:38  Metabolic Boost  
  29  2:41  Zergling x2  
  29  2:43  Drone  
  30  2:56  Drone  
  30  3:05  Drone  
  31  3:10  Zergling x4  
  31  3:11  Zergling x4  
  33  3:26  Zergling x4  
  33  3:27  Zergling x2  
  35  3:28  Drone  
  36  3:43  Roach Warren  
  36  3:46  Zergling x2  
  34  3:54  Zergling x2  
  34  3:55  Zergling x4  
  34  4:09  Spine Crawler  
Show
View Real Time Build Order
Export as new Build Order

ILIEKEGGPIE Protoss 

Build Orders: Mass Adepts 

Get SALT Encoding   

  12  0:00  Probe  
  13  0:12  Probe  
  14  0:19  Pylon  
  14  0:25  Probe  
  15  0:37  Probe  
  16  0:45  Gateway, Probe  
  17  0:52  Assimilator  
  17  0:54  Probe  
  18  1:07  Gateway  
  18  1:14  Gateway  
  18  1:26  Probe  
  18  1:31  Pylon  
  19  1:38  Probe, Cybernetics Core  
  20  1:43  Assimilator  
  20  1:50  Probe  
  21  1:59  Gateway  
  21  2:07  Warp Gate  
  21  2:10  Gateway  
  21  2:15  Adept x2  
  25  2:29  Probe  
  26  2:40  Pylon  
  26  2:48  Adept x2  
  32  2:58  Adept  
  32  3:05  Gateway  
  32  3:26  Shield Battery  
  32  3:27  Adept  
  32  3:28  Adept x2  
  38  3:39  Shield Battery  
  30  4:10  Adept  
  30  4:11  Adept x3  
Show
View Real Time Build Order
Export as new Build Order

Пахан Zerg 

Build Orders: Pool First 

Get SALT Encoding   

  12  0:24  Spawning Pool  
  12  0:26  Drone  
  12  0:27  Drone  
  13  0:32  Drone  
  14  0:44  Overlord  
  14  1:03  Drone x2  
  16  1:24  Drone x2  
  16  1:25  Queen  
  20  1:37  Extractor  
  19  1:44  Zergling x4  
  21  1:55  Zergling x2  
  22  2:17  Hatchery, Overlord  
  21  2:30  Drone  
  22  2:38  Drone x2  
  22  2:41  Extractor  
  20  3:00  Zergling x4  
  20  3:01  Zergling x2  
  23  3:08  Drone x2  
  23  3:09  Drone  
  26  3:31  Drone, Queen  
  26  3:53  Zergling x8  
  26  3:54  Zergling x2  
Tags
 
Add a new tag
Caveats
  • Supply blocks, unpowered buildings, or Contaminate may cause inaccurate times.
  • Supply counts are checked every 10 seconds.